AoeStats
← STONE LOVA

Arena

503861740Analyzed
2v2 RM · 28d ago on Sep 2, 2026· 31m 2s· 4 players
Game mode
Random Map
Map size
Medium (4 player)
Population
200
Speed
Normal
Resources
Standard
Victory
Conquest
Starting age
Dark Age
Ending age
Imperial Age
RankedLock teamsTeams togetherTeam positionsShared explorationLock speedFull tech treeHidden civsTurbo modeCheats
Victory
Defeat
🇮🇹 Teutons · Italy
863
+15
🇮🇹 Portuguese · Italy
859
+15
🇦🇹 Bulgarians · Austria
869
-46
🇦🇹 Gurjaras · Austria
813
-36
STONE LOVA
12:10 Feudal Age
17:05 Bloodlines
21:18 Scale Barding Armor
22:53 Double-Bit Axe
24:23 Wheelbarrow
24:32 Wheelbarrow
26:55 Castle Age
26:37 Scale Mail Armor
26:47 Forging
26:28 Fletching
26:39 Padded Archer Armor
26:27 Horse Collar
27:14 Gold Mining
27:14 Stone Mining
28:10 Hand Cart
29:01 Stone Shaft Mining
28:54 Bow Saw
30:21 Gold Shaft Mining
30:24 Heavy Plow
£ Shindycool £
11:30 Feudal Age
12:20 Double-Bit Axe
12:00 Man-at-Arms
15:49 Gold Mining
17:56 Stone Mining
24:30 Castle Age
_King_N00b_
7:47 Loom
10:12 Feudal Age
16:41 Castle Age
16:23 Double-Bit Axe
18:13 Horse Collar
20:03 Wheelbarrow
19:14 Town Watch
23:08 Fletching
23:33 Scale Mail Armor
23:43 Forging
30:52 Imperial Age
30:08 Bow Saw
Baba Jaga
7:57 Loom
10:03 Feudal Age
16:07 Castle Age
19:31 Double-Bit Axe
20:05 Gold Mining
21:14 Fletching
21:56 Bow Saw
25:00 Horse Collar
25:58 Stone Mining
27:53 Stone Shaft Mining
Connection lost

Rejoining the realm…

Still unreachable

The connection could not be restored.

Session expired

The server has moved on; the page needs a fresh start.